 Dungeon Crawl Stone Soup version 0.29.1-1-gd02db6906a (webtiles) character file.

Game seed: 12381073211276536141

20 firemarshallily the Chopper (level 2, -2/23 HPs)
             Began as a Demonspawn Gladiator on Oct 23, 2022.
             Was an Initiate of Yredelemnul.
             Slain by a worm (8 damage)
             ... on level 2 of the Dungeon.
             The game lasted 00:03:00 (555 turns).

firemarshallily the Chopper (Demonspawn Gladiator)   Turns: 555, Time: 00:03:00

Health: -2/23      AC:  4    Str: 14    XL:     2   Next: 58%
Magic:  2/2        EV: 12    Int:  9    God:    Yredelemnul [......]
Gold:   3          SH:  0    Dex: 14    Spells: 1/1 levels left

rFire   . . .      SeeInvis .   a - +0 war axe
rCold   . . .      Faith    .   (no shield)
rNeg    . . .      Spirit   .   b - +0 leather armour
rPois   .          Reflect  .   c - +0 helmet
rElec   .          Harm     .   (no cloak)
rCorr   .          Rampage  .   (no gloves)
Will    .....                   (no boots)
Stlth   +.........              (no amulet)
HPRegen 0.07/turn               (no ring)
MPRegen 0.08/turn               (no ring)

@: lethally poisoned (-2 -> -4)
A: powered by pain 1
a: Renounce Religion, Recall Undead Harvest


You were on level 2 of the Dungeon.
You worshipped Yredelemnul.
Yredelemnul was noncommittal.
You visited 1 branch of the dungeon, and saw 2 of its levels.

You collected 3 gold pieces.

Inventory:

Hand Weapons
 a - a +0 war axe (weapon)
Missiles
 d - 3 throwing nets (quivered)
 e - a javelin
 k - 7 stones
Armour
 b - a +0 leather armour (worn)
 c - a +0 helmet (worn)
Scrolls
 g - a scroll of enchant weapon {unknown}
 i - a scroll of amnesia {unknown}
 l - a scroll of noise {unknown}
 n - a scroll of poison {unknown}
 o - a scroll of fear {unknown}
Potions
 f - a potion of degeneration {unknown}
 h - a potion of curing {unknown}
 j - a potion of attraction {unknown}
 m - a potion of heal wounds {unknown}


   Skills:
 * Level 2.5 Fighting
 * Level 3.1 Axes
 - Level 1.7 Throwing
 + Level 0.6 Armour
 - Level 2.6 Dodging


You had one spell level left.
You didn't know any spells.
Your spell library was empty.

Dungeon Overview and Level Annotations

Branches:
Dungeon (2/15)

Altars:
Yredelemnul


Innate Abilities, Weirdness & Mutations

You sometimes gain a little power by taking damage.


Message History

You enter the shallow water.
Moving in this stuff is going to be slow.
You see here a +0 club.
There is a stone staircase leading down here.
You climb downwards.
Your mindless puppets stay behind to rot.
Found a ring mail and a scroll labelled DUUFOT HOXIPP.
There is a stone staircase leading up here.
Unknown command.
Found a scroll labelled NOKOSI KIWNAH.
The adder hisses angrily.
You hit the adder.
The adder is heavily wounded.
The adder bites you.
You are poisoned.
The adder poisons you! The adder bites you.
You are more poisoned.
The adder poisons you!
You slash the giant cockroach!
You kill the giant cockroach!
You barely miss the adder.
You feel very sick. The adder barely misses you.
Your Axes skill increases to level 3!
You closely miss the adder.
The adder is heavily wounded.
You feel very sick. The adder closely misses you. x2
You hit the adder.
The adder is heavily wounded.
You slash the worm!
You feel sick. The adder barely misses you. The adder closely misses you.
You slash the adder!
You kill the adder!
You hit the worm.
You feel sick. The worm bites you.
You hit the worm.
The worm is severely wounded.
You feel sick. The worm bites you!
You die...
Your body rises from the dead as a mindless zombie.

# #. ##.# ##...#
##.....###
......w@<#
?#.....#..[.....
##...##..######
.....# #..#
.#### #?.# ...#
##.# .#


You could see a worm.

Vanquished Creatures
  An adder (D:2)
  A dart slug (D:1)
  A giant cockroach (D:2)
  2 goblins (D:1)
  A hobgoblin (D:1)
  A bat (D:1)
  A rat (D:1)
8 creatures vanquished.

Vanquished Creatures (collateral kills)
  A bat (D:1)
1 creature vanquished.

Vanquished Creatures (others)
  A plant (D:1)
1 creature vanquished.

Grand Total: 10 creatures vanquished

Notes
Turn   | Place    | Note
-------+----------+-------------------------------------------
     0 | D:1      | firemarshallily the Demonspawn Gladiator began the quest
                  | for the Orb.
     0 | D:1      | Reached XP level 1. HP: 16/16 MP: 1/1
   191 | D:1      | Gained mutation: You sometimes gain a little power by
                  | taking damage. [demonic ancestry]
   191 | D:1      | Reached XP level 2. HP: 22/22 MP: 2/2
   337 | D:1      | Found a faded altar of an unknown god.
   348 | D:1      | Prayed at the altar of an unknown god.
   348 | D:1      | Became a worshipper of Yredelemnul the Dark
   348 | D:1      | Reached * piety under Yredelemnul
   552 | D:2      | Reached skill level 3 in Axes
   555 | D:2      | Slain by a worm

Illustrated notes

Levels and vault maps discovered:
D:1:      wander_arrival_fairy_ring, layout_rooms, serial_rivers,
          chequers_serial_rivers_micro_c, chequers_serial_rivers_small_a,
          chequers_serial_rivers_large_b, chequers_serial_rivers_micro_e,
          ebering_ecumenical_altar_abandoned
D:2:      layout_loops_ring, nrook_campfire, minmay_pentomino_x4, uniq_robin

Skill      XL: |  1  2 |
---------------+-------+-----
Axes           | 3 |  3.1
Fighting       | |  2.5
Throwing       | |  1.7
Armour         | |  0.6
Dodging        | |  2.6

Action                   || total
-------------------------++-------
Melee: War axe           ||    27
Armor: Leather armour    ||    10
Dodge: Dodged            ||    21
